 Dungeon Crawl Stone Soup version 0.30-b1-2-g02819fbbbe (webtiles) character file.

Game seed: 1256144281581330912

70 raph the Firebug (level 4, -15/24 HPs)
             Began as a Deep Elf Fire Elementalist on Jan 16, 2024.
             Killed by an exploding goblin (36 damage)
             ... ignited by their inner flame
             ... on level 2 of the Dungeon.
             The game lasted 00:02:59 (1413 turns).

raph the Firebug (Deep Elf Fire Elementalist)       Turns: 1413, Time: 00:03:00

Health: -15/24     AC:  4    Str:  5    XL:     4   Next: 4%
Magic:  1/11       EV: 13    Int: 22    God:
Gold:   39         SH:  0    Dex: 15    Spells: 3/9 levels left

rFire   . . .        k - +0 dagger (venom)
rCold   . . .        (no shield)
rNeg    . . .        a - +0 robe
rPois   .            (no helmet)
rElec   .            m - +1 cloak
rCorr   .            (no gloves)
SInv    .            (no boots)
Will    .....        (no amulet)
Stlth   ++           (no ring)
HPRegen 0.24/turn    (no ring)
MPRegen 0.12/turn

%: no passive effects
@: no status effects
A: no striking features
a: no special abilities


You were on level 2 of the Dungeon.
You visited 1 branch of the dungeon, and saw 2 of its levels.

You collected 39 gold pieces.

Inventory:

Hand Weapons
 c - a +0 dagger
 k - a +0 dagger of venom (weapon)
Armour
 a - a +0 robe (worn)
 m - a +1 cloak (worn)
Scrolls
 d - a scroll of blinking {unknown}
 h - a scroll of torment {unknown}
 j - 2 scrolls of identify {unknown}
 l - a scroll of poison {unknown}
Potions
 b - a potion of magic
 e - a potion of heal wounds {unknown}
 f - 2 potions of attraction {unknown}
 g - a potion of curing {unknown}
 i - a potion of berserk rage {unknown}


   Skills:
 + Level 3.0 Dodging
 + Level 3.2 Stealth
 + Level 3.4 Spellcasting
 * Level 2.4 Conjurations
 * Level 4.0 Fire Magic


You had 3 spell levels left.
You knew the following spells:

 Your Spells              Type           Power      Damage    Failure   Level
a - Foxfire               Conj/Fire      72%        2x1d7     3%          1
b - Scorch                Fire           42%        2d6       3%          2
c - Inner Flame           Hex/Fire       12%        N/A       16%         3

Your spell library contained the following spells:

 Spells                   Type           Power      Damage    Failure   Level
 Volatile Blastmotes      Fire/Tloc      24%        2d12      16%         3
 Flame Wave               Conj/Fire      18%        2d7       30%         4


Dungeon Overview and Level Annotations

Branches:
Dungeon (2/15)

Altars:

Shops:
D:1 :

Annotations:
D:2 Robin


Message History

Casting: Foxfire (safe; 3% risk of failure)
Confirm with . or Enter, or press ? or * to list all spells.
Aiming: Inner Flame (quite dangerous; 16% risk of failure)
Press: ? - help, Dir - move target, f - goblin
Aim: a goblin, wielding a +0 club (strong, chance to affect: 79%)
The goblin is filled with an inner flame.
The foxfire hits Robin.
Robin is lightly wounded.
Robin says, "Bow before me, strongest of all the hobgoblins!"
Robin throws the goblin at you!
The goblin shouts!
The goblin barely misses you.
You hear a shout!
Casting: Inner Flame (quite dangerous; 16% risk of failure)
Confirm with . or Enter, or press ? or * to list all spells.
You conjure some foxfire!
Robin says, "A pitiful Elf like you will never find the ORB!"
A goblin comes into view. It is wielding a +0 club.
The goblin misses you.
The foxfire hits the goblin!
You kill the goblin!
The foxfire hits the goblin.
The goblin explodes!
You hear a shout!
Casting: Foxfire (safe; 3% risk of failure)
Confirm with . or Enter, or press ? or * to list all spells.
Aiming: Inner Flame (quite dangerous; 16% risk of failure)
Press: ? - help, Dir - move target, f - goblin
Aim: a goblin, wielding a +0 club (strong, chance to affect: 79%)
The goblin is filled with an inner flame.
Casting: Inner Flame (quite dangerous; 16% risk of failure)
Confirm with . or Enter, or press ? or * to list all spells.
You conjure some foxfire!
Robin throws the goblin at you!
The foxfire hits the goblin.
Flame seeps out of the goblin.
The goblin is heavily wounded.
The foxfire hits the goblin.
The goblin explodes!
The fiery explosion engulfs you!!!
Ouch! That really hurt!
You die...

#.# #.# # # .g# #)# .#.
#)# #)# #.# #§# #.#
####.# #§# #.# ##.##.#
#.# #.####)#.#.# #§#
#.....###..####○#######
######.#......§@§......
#)############### ###


You could see Robin.

Vanquished Creatures
  2 adders (D:2)
  A dart slug (D:1)
  4 ball pythons
  3 endoplasms
  6 hobgoblins
  4 jackals (D:2)
  5 kobolds
  3 bats
  A frilled lizard (D:2)
  13 goblins
  2 rats (D:1)
44 creatures vanquished.

Vanquished Creatures (others)
  99 foxfires
99 creatures vanquished.

Grand Total: 143 creatures vanquished

Notes
Turn   | Place    | Note
-------+----------+-------------------------------------------
     0 | D:1      | raph the Deep Elf Fire Elementalist began the quest for the
                  | Orb.
     0 | D:1      | Reached XP level 1. HP: 10/10 MP: 6/6
   204 | D:1      | Reached XP level 2. HP: 15/15 MP: 2/8
   397 | D:1      | Found Imiuck's Book Shoppe.
   747 | D:2      | Reached XP level 3. HP: 19/19 MP: 2/9
  1304 | D:2      | Learned a level 2 spell: Scorch
  1308 | D:2      | Learned a level 3 spell: Inner Flame
  1404 | D:2      | Noticed Robin
  1407 | D:2      | Reached skill level 4 in Fire Magic
  1408 | D:2      | Reached XP level 4. HP: 24/24 MP: 8/11
  1413 | D:2      | Killed by an exploding goblin... ignited by their inner
                  | flame

Illustrated notes

Levels and vault maps discovered:
D:1:      minmay_arrival_plants_in_alcoves, layout_rooms, serial_shops,
          nicolae_shop_trees
D:2:      layout_loops_ring, serial_shops, nicolae_lakefront_shop, uniq_robin

Skill      XL: |  1  2  3 |
---------------+----------+-----
Conjurations   | 2 |  2.4
Dodging        | 3 |  3.0
Stealth        | 3 |  3.2
Fire Magic     | 4 |  4.0
Spellcasting   | |  3.4

Action                     |  1- 3 |  4- 6 || total
---------------------------+-------+-------++-------
  Melee: Dagger            |     9 |       ||     9
   Cast: Foxfire           |    54 |     2 ||    56
         Scorch            |     3 |       ||     3
         Inner Flame       |       |     2 ||     2
 Armour: Robe              |     5 |       ||     5
  Dodge: Dodged            |     7 |     2 ||     9
